 Dungeon Crawl Stone Soup version 0.31-a0-803-g95b03c3367 (webtiles) character file.

Game seed: 13022331126650701837

67 Flugkiller the Firebug (level 4, -1/24 HPs)
             Began as a Deep Elf Fire Elementalist on Sept 20, 2023.
             Slain by a goblin
             ... wielding a +0 dagger
             ... led by Robin
              (3 damage)
             ... on level 2 of the Dungeon.
             The game lasted 00:02:02 (1337 turns).

Flugkiller the Firebug (Deep Elf Fire Elementalist) Turns: 1337, Time: 00:02:03

Health: -1/24      AC:  2    Str:  5    XL:     4   Next: 0%
Magic:  0/11       EV: 12    Int: 22    God:
Gold:   60         SH:  0    Dex: 15    Spells: 9/10 levels left

rFire   . . .        f - +0 long sword (drain)
rCold   . . .        (no shield)
rNeg    . . .        a - +0 robe
rPois   .            (no helmet)
rElec   .            (no cloak)
rCorr   .            (no gloves)
SInv    .            (no boots)
Will    .....        (no amulet)
Stlth   ++           (no ring)
HPRegen 0.24/turn    (no ring)
MPRegen 0.12/turn

%: no passive effects
@: no status effects
A: no striking features
a: no special abilities


You were on level 2 of the Dungeon.
You visited 1 branch of the dungeon, and saw 2 of its levels.

You collected 60 gold pieces.

Inventory:

Hand Weapons
 f - a +0 long sword of draining (weapon)
   (You found it on level 1 of the Dungeon)
Armour
 a - a +0 robe (worn)
Scrolls
 d - a scroll of fear {unknown}
 e - a scroll of enchant armour {unknown}
 h - a scroll of fog {unknown}
 i - a scroll of identify {unknown}
Potions
 b - a potion of magic
 c - 3 potions of curing {unknown}
 g - a potion of invisibility {unknown}
 j - a potion of haste {unknown}


   Skills:
 - Level 2.4 Dodging
 - Level 2.4 Stealth
 + Level 3.7 Spellcasting
 * Level 2.7 Conjurations
 * Level 4.2 Fire Magic


You had 9 spell levels left.
You knew the following spells:

 Your Spells              Type           Power      Damage    Failure   Level
a - Foxfire               Conj/Fire      76%        2x1d7     2%          1

Your spell library contained the following spells:

 Spells                   Type           Power      Damage    Failure   Level
 Scorch                   Fire           44%        2d6       3%          2
 Inner Flame              Hex/Fire       13%        N/A       14%         3
 Volatile Blastmotes      Fire/Tloc      26%        2d12      14%         3
 Flame Wave               Conj/Fire      19%        2d7       26%         4


Dungeon Overview and Level Annotations

Branches:
Dungeon (2/15) Zot: 10655

Altars:


Message History

Casting: Foxfire (safe; 3% risk of failure)
Confirm with . or Enter, or press ? or * to list all spells.
You conjure some foxfire!
The foxfire hits Robin but does no damage.
Robin is moderately wounded.
The foxfire hits Robin.
Robin is heavily wounded.
Robin hits you from afar with a +0 spear.
Casting: Foxfire (safe; 3% risk of failure)
Confirm with . or Enter, or press ? or * to list all spells.
You conjure some foxfire!
The foxfire hits the goblin.
You kill the goblin!
A hobgoblin comes into view.
A goblin comes into view. It is wielding a +0 club.
Robin hits you from afar with a +0 spear.
Casting: Foxfire (safe; 3% risk of failure)
Confirm with . or Enter, or press ? or * to list all spells.
You conjure some foxfire!
The foxfire hits Robin but does no damage.
Robin is heavily wounded.
The foxfire hits Robin.
Robin is severely wounded.
Robin hits you from afar with a +0 spear.
A goblin comes into view. It is wielding a +0 dagger.
The foxfire hits Robin but does no damage.
Robin is severely wounded.
Casting: Foxfire (safe; 3% risk of failure)
Confirm with . or Enter, or press ? or * to list all spells.
You conjure some foxfire!
The foxfire hits Robin.
Robin is almost dead.
The foxfire hits the goblin.
The goblin is almost dead.
Robin says, "Kneel, worm!"
Robin barely misses you.
A goblin comes into view. It is wielding a +0 dagger.
Your foxfire dissipates!
The foxfire hits Robin but does no damage.
Robin is almost dead.
Robin roars a battlecry!
The hobgoblin goes into a battle-frenzy!
Casting: Foxfire (safe; 3% risk of failure)
Confirm with . or Enter, or press ? or * to list all spells.
You miscast Foxfire.
You are very lightly contaminated with residual magic.
Nothing appears to happen.
Robin closely misses you.
Casting: Foxfire (safe; 3% risk of failure)
Confirm with . or Enter, or press ? or * to list all spells.
You conjure some foxfire!
Robin hits you from afar with a +0 spear.
Your foxfire dissipates!
The foxfire hits the hobgoblin.
You kill the hobgoblin!
Casting: Foxfire (safe; 3% risk of failure)
Confirm with . or Enter, or press ? or * to list all spells.
You conjure some foxfire!
The foxfire hits the goblin.
You kill the goblin!
Your magical contamination has completely faded away.
Your foxfire dissipates!
Robin roars a battlecry!
The goblin goes into a battle-frenzy!
Robin roars a battlecry!
The goblin goes into a battle-frenzy!
Casting: Foxfire (safe; 3% risk of failure)
Confirm with . or Enter, or press ? or * to list all spells.
You conjure some foxfire!
The foxfire hits Robin but does no damage.
Robin is almost dead.
Robin throws the goblin at you! The goblin hits you but does no damage.
You closely miss the goblin. The goblin closely misses you.
You closely miss the goblin. The goblin closely misses you.
The goblin barely misses you.
You barely miss the goblin. Robin closely misses you.
The goblin closely misses you.
Casting: Foxfire (safe; 3% risk of failure)
Confirm with . or Enter, or press ? or * to list all spells.
You conjure some foxfire!
Robin hits you from afar with a +0 spear.
* * * LOW HITPOINT WARNING * * *
The goblin barely misses you.
Your foxfire dissipates!
The foxfire hits Robin.
You kill Robin!
The goblin hits you but does no damage.
You hit the goblin.
You kill the goblin!
You have reached level 4!
You feel clever. The goblin hits you but does no damage.
The goblin no longer looks unusually strong.
The goblin attacks as it pursues you! The goblin hits you with a +0 dagger.
* * * LOW HITPOINT WARNING * * *
You barely miss the goblin. The goblin hits you with a +0 dagger.
* * * LOW HITPOINT WARNING * * *
The goblin barely misses you.
You barely miss the goblin. The goblin hits you but does no damage.
Casting: Foxfire (safe; 2% risk of failure)
Confirm with . or Enter, or press ? or * to list all spells.
You conjure some foxfire!
The goblin hits you with a +0 dagger.
You die...

#.# #v## ##
###.########
#.##)..)...)..#
#.#.#.######†#######
#...#####..).......
##.#......<.g######
#g#.####.##.######
#@# # #.##g##....
#v# #.##.##..# #.#
#.##.##..## #.#
#...)...... #..
####.##.†.. #.#
#....... .##
#####..# # #...
.#####...


You could see a goblin (ally target).

Vanquished Creatures
  Robin (D:2)
  4 dart slugs (D:1)
  2 ball pythons (D:1)
  6 endoplasms (D:1)
  6 giant cockroaches
  9 goblins
  4 hobgoblins
  4 kobolds (D:1)
  A quokka (D:1)
  2 frilled lizards (D:1)
  2 rats (D:1)
41 creatures vanquished.

Vanquished Creatures (others)
  136 foxfires
136 creatures vanquished.

Grand Total: 177 creatures vanquished

Notes
Turn   | Place    | Note
-------+----------+-------------------------------------------
     0 | D:1      | Flugkiller the Deep Elf Fire Elementalist began the quest
                  | for the Orb.
     0 | D:1      | Reached XP level 1. HP: 10/10 MP: 6/6
   137 | D:1      | Reached XP level 2. HP: 15/15 MP: 2/8
   694 | D:1      | Reached XP level 3. HP: 19/19 MP: 4/9
   893 | D:1      | Reached skill level 4 in Fire Magic
   898 | D:1      | Found a faded altar of an unknown god.
  1198 | D:2      | Noticed Robin
  1329 | D:2      | Killed Robin
  1331 | D:2      | Reached XP level 4. HP: 4/24 MP: 0/11
  1337 | D:2      | Slain by a goblin

Illustrated notes

Levels and vault maps discovered:
D:1:      psy_arrival_radial01, layout_loops_corners,
          hellmonk_ecumenical_altar_defaced_shrine
D:2:      layout_loops_ring, basic_altar, uniq_robin

Skill      XL: |  1  2  3 |
---------------+----------+-----
Conjurations   | 2 |  2.7
Fire Magic     | 4 |  4.2
Dodging        | |  2.4
Stealth        | |  2.4
Spellcasting   | |  3.7

Action                     |  1- 3 |  4- 6 || total
---------------------------+-------+-------++-------
  Melee: Long sword        |    14 |     2 ||    16
         Punch             |     1 |       ||     1
   Cast: Foxfire           |    90 |     1 ||    91
 Armour: Robe              |    27 |     5 ||    32
  Dodge: Dodged            |    34 |     1 ||    35

Table legend: (Time is in decaauts)
 A = Elapsed time spent in this place.
 B = Non-inter-level travel time spent in this place.
 C = Inter-level travel time spent in this place.
 D = Time resting spent in this place.
 E = Time spent auto-exploring this place.
 F = Levels seen in this place.
 G = Mean time per level.
                   A        B        C        D        E       F      G
               +--------+--------+--------+--------+--------+-----+--------+
         Total |   1343 |   1339 |      4 |    128 |    835 |   2 |  671.5 |
       Dungeon |   1343 |   1339 |      4 |    128 |    835 |   2 |  671.5 |
               +--------+--------+--------+--------+--------+-----+--------+

Top non-repeatable levels by time:
     D:1: 1214 daAuts
     D:2: 129 daAuts
